 Dungeon Crawl Stone Soup version 0.28.0-45-g0d030f2227 (webtiles) character file.

Game seed: 6587504138963896469

18 issech the Cudgeller (level 2, -5/27 (29) HPs)
             Began as a Troll Monk on Apr 18, 2022.
             Slain by Crazy Yiuf
             ... wielding a +2 quarterstaff of chaos
              (7 damage)
             ... on level 2 of the Dungeon.
             The game lasted 00:03:44 (1428 turns).

issech the Cudgeller (Troll Monk)                   Turns: 1428, Time: 00:03:46

HP:   -5/27 (29)    AC:  4    Str: 18    XL:     2   Next: 51%
MP:   1/1           EV: 10    Int:  6    God:
Gold: 71            SH:  0    Dex: 12    Spells: 1/1 levels left

rFire   . . .      SeeInvis +   a - +0 mace
rCold   . . .      Faith    .   (no shield)
rNeg    . . .      Spirit   .   b - +0 robe
rPois   .          Reflect  .   (helmet restricted)
rElec   .          Harm     .   (no cloak)
rCorr   .          Rampage  .   (gloves unavailable)
Will    .....                   (boots unavailable)
Stlth   ++........              (no amulet)
HPRegen 0.89/turn               h - ring of see invisible
MPRegen 0.07/turn               l - ring of flight

@: flying, drained
A: large, unfitting armour, claws 3, regeneration 1, shaggy fur 1, tough skin 1
a: no special abilities


You were on level 2 of the Dungeon.
You visited 1 branch of the dungeon, and saw 2 of its levels.

You collected 71 gold pieces.

Inventory:

Hand Weapons
 a - a +0 mace (weapon)
Missiles
 d - 33 sling bullets
 f - 79 stones (quivered)
Armour
 b - a +0 robe (worn)
Jewellery
 h - a ring of see invisible (left claw)
 j - a ring of ice
 l - a ring of flight (right claw)
Scrolls
 g - a scroll of teleportation {unknown}
 i - a scroll of identify {unknown}
 k - 2 scrolls of fear {unknown}
Potions
 c - a potion of heal wounds {unknown}
 e - a potion of curing {unknown}


   Skills:
 + Level 2.6 Fighting
 + Level 2.8 Maces & Flails
 + Level 2.8 Dodging
 + Level 1.0 Stealth


You had one spell level left.
You didn't know any spells.
Your spell library was empty.

Dungeon Overview and Level Annotations

Branches:
Dungeon (2/15)

Altars:
Makhleb

Shops:
D:1 :

Annotations:
D:2 Crazy Yiuf


Innate Abilities, Weirdness & Mutations

You are too large for most types of armour.
You have claws for hands.
Your natural rate of healing is unusually fast.
You are covered in fur. (AC +1)
You have tough skin. (AC +1)


Message History

A nearby fungus withers and dies.
The frilled lizard hisses angrily.
Found 23 stones.
The frilled lizard closely misses you. The frilled lizard bites you.
You hit the frilled lizard.
You kill the frilled lizard!
You sock the plant!
The plant begins to die.
The plant is lightly damaged.
A nearby plant withers and dies.
f - 65 stones (gained 23)
Found a mace.
Found a runed translucent door.
Crazy Yiuf shouts!
Found a leather armour.
Crazy Yiuf yells, "Papa senile toodlewoodle!"
Crazy Yiuf whimpers, "Powder!
Cholesterol hand mumblescurry."
Found 14 stones.
f - 79 stones (gained 14)
Found a stone staircase leading down.
There is a stone staircase leading down here.
There is a stone staircase leading down here.
There is a dry fountain here.
You now have 71 gold pieces (gained 10).
Crazy Yiuf shouts!
Could not explore, unopened runed door.
Could not explore, unopened runed door.
You reach down and open the door.
You barely miss Crazy Yiuf.
Crazy Yiuf hits you with a +2 quarterstaff of chaos!
Crazy Yiuf freezes you.
You thump Crazy Yiuf!
Crazy Yiuf is moderately wounded.
Crazy Yiuf drinks a potion.
Crazy Yiuf goes berserk!
You hit Crazy Yiuf.
Crazy Yiuf is heavily wounded.
Crazy Yiuf hits you with a +2 quarterstaff of chaos!!
Ouch! That really hurt!
* * * LOW HITPOINT WARNING * * *
You feel drained.
You die...

#.# #.# #.# ### #.#
####.##### #####
#........# #..)#
#.##.##### #...#
#[##.# ... #....#
#g# #..### ♣♣@♣
###..# ♣.♣♣ .##..#
♣♣.♣ ..#..# ♣.♣♣
.....# ♣♣.♣♣ P.##.#
♣...♣♣ P.##.#
♣....♣ ...#.#######
#+..+#
...........###....#


You could see Crazy Yiuf (berserk).

Vanquished Creatures
  A dart slug (D:1)
  2 ball pythons
  2 endoplasms (D:2)
  A goblin (D:1)
  3 hobgoblins
  2 bats (D:2)
  3 frilled lizards (D:2)
  A kobold (D:2)
  A rat (D:1)
16 creatures vanquished.

Vanquished Creatures (others)
  A fungus (D:2)
  A plant (D:2)
2 creatures vanquished.

Grand Total: 18 creatures vanquished

Notes
Turn   | Place    | Note
-------+----------+-------------------------------------------
     0 | D:1      | issech the Troll Monk began the quest for the Orb.
     0 | D:1      | Reached XP level 1. HP: 22/22 MP: 0/0
    92 | D:1      | Found Dismeqil's Book Boutique.
   110 | D:1      | Reached XP level 2. HP: 29/29 MP: 1/1
   677 | D:2      | Noticed a phantom
   807 | D:2      | Found a burning altar of Makhleb.
  1069 | D:2      | Found a faded altar of an unknown god.
  1111 | D:2      | Found a runed translucent door.
  1112 | D:2      | Noticed Crazy Yiuf
  1428 | D:2      | Slain by Crazy Yiuf

Illustrated notes

Levels and vault maps discovered:
D:1:      dpeg_arrival_shrine, layout_rooms, serial_shops,
          nicolae_shop_hallway_plus
D:2:      layout_loops_ring, dreamdust_ecumenical_altar_grove, basic_altar,
          st_stairs_6, grunt_ministairs_1, uniq_crazy_yiuf_cottage

Action                   || total
-------------------------++-------
Melee: Mace              ||    46
Throw: Stone             ||     3
Armor: Robe              ||    24
Dodge: Dodged            ||    25
